 Dungeon Crawl Stone Soup version 0.21-a0-221-gfe971b9 (webtiles) character file.

2312 Duskembrace the Jinx (level 9, -6/57 HPs)
             Began as a Vampire Enchanter on Aug 25, 2017.
             Was an Initiate of Ashenzari.
             Mangled by a two-headed ogre
             ... wielding a +0 giant spiked club
              (25 damage)
             ... on level 8 of the Dungeon.
             The game lasted 00:21:07 (6612 turns).

Duskembrace the Jinx (Vampire Enchanter)            Turns: 6612, Time: 00:21:09

Health: -6/57      AC:  5    Str:  7    XL:     9   Next: 18%
Magic:  15/15      EV: 14    Int: 21    God:    Ashenzari [......]
Gold:   415        SH:  0    Dex: 14    Spells: 4/16 levels left

rFire    . . .     SeeInvis +   m - +5 short sword (curse)
rCold    + . .     Gourm    .   (no shield)
rNeg     + + +     Faith    .   b - +0 robe
rPois    +         Spirit   .   e - +1 helmet
rElec    .         Reflect  .   u - +0 cloak
rCorr    .         Harm     .   (no gloves)
MR       .....                  (no boots)
Stlth    ++++++....             p - amulet of magic regeneration
HPRegen  0.09/turn              n - ring of positive energy
MPRegen  0.39/turn              D - ring of stealth (curse)

@: regenerating slowly
A: fangs 3, see invisible, unbreathing
a: Bat Form, Curse Item, Renounce Religion


You were on level 8 of the Dungeon.
You worshipped Ashenzari.
Ashenzari was noncommittal.
You were near bloodless.

You visited 2 branches of the dungeon, and saw 9 of its levels.

You collected 415 gold pieces.

Inventory:

Hand Weapons
 a - a +1 dagger
 m - a cursed +5 short sword (weapon)
 M - a +4 rapier
Missiles
 B - 14 poisoned needles
 J - 2 throwing nets (quivered)
 L - 6 tomahawks
Armour
 b - a +0 robe (worn)
 e - a +1 helmet (worn)
 u - a +0 cloak (worn)
Jewellery
 n - a ring of positive energy (left hand)
 p - an amulet of magic regeneration (around neck)
 x - an uncursed ring of flight
 D - a cursed ring of stealth (right hand)
 K - an uncursed ring of positive energy
Wands
 t - a wand of flame (30/48)
 z - a wand of enslavement (14/24)
 A - a wand of polymorph (21/24)
 F - a wand of iceblast (8/15)
 H - a wand of flame (29/48)
 N - a wand of polymorph (2/24)
Scrolls
 f - 5 scrolls of remove curse
 j - a scroll of fog
 l - 7 scrolls of identify
 o - a scroll of enchant weapon
 s - 3 scrolls of recharging
 w - a scroll of magic mapping
 y - a scroll of amnesia
 C - 3 scrolls of blinking
 G - a scroll of noise
Potions
 d - 14 potions of blood
 g - 4 potions of mutation {unknown}
 h - 3 potions of curing {unknown}
 i - 2 potions of cancellation {unknown}
 k - a potion of haste
 q - 2 potions of agility {unknown}
 v - a potion of heal wounds {unknown}
 I - a potion of degeneration {unknown}
Books
 c - a book of Maledictions

   Spells                             Type                      Level
   a - Corona                         Hexes                        1
   b - Ensorcelled Hibernation        Hexes/Ice                    2
   c - Confuse                        Hexes                        3
   d - Tukima's Dance                 Hexes                        3
   e - Dazzling Spray                 Conjuration/Hexes            3
 r - a book of Callings

   Spells                             Type                      Level
   a - Summon Small Mammal            Summoning                    1
   b - Call Imp                       Summoning                    2
   c - Call Canine Familiar           Summoning                    3
   d - Summon Guardian Golem          Hexes/Summoning              3
   e - Summon Lightning Spire         Summoning/Air                4
   f - Summon Ice Beast               Ice/Summoning                4


   Skills:
 - Level 4.0 Short Blades
 + Level 4.1 Dodging
 + Level 9.9 Stealth
 + Level 4.3 Spellcasting
 * Level 12.5 Hexes
 - Level 1.0 Ice Magic


You had 4 spell levels left.
You knew the following spells:

 Your Spells              Type           Power        Failure   Level  Hunger
a - Corona                Hex            ######.      1%          1    None
b - Ensorcelled Hibernat  Hex/Ice        ####..       1%          2    #......
c - Confuse               Hex            ######..     1%          3    ##.....
d - Tukima's Dance        Hex            ######..     1%          3    ##.....
e - Dazzling Spray        Conj/Hex       ####..       2%          3    ##.....


Dungeon Overview and Level Annotations

Branches:
Dungeon (8/15)             Temple (1/1) D:7
   Lair: D:8-11

Altars:
Ashenzari
Cheibriados
Dithmenos
Elyvilon
Fedhas
Gozag
Hepliaklqana
Kikubaaqudgha
Makhleb
Nemelex Xobeh
Okawaru
Qazlal
Ru
Sif Muna
Trog
Uskayaw
Vehumet
Wu Jian
Xom
Yredelemnul
Zin
The Shining One

Shops:
D:6 [


Innate Abilities, Weirdness & Mutations

You heal slowly.
You have razor-sharp teeth.
You have supernaturally acute eyesight. (SInv)
You can survive without breathing.


Message History

The helpless phantom fails to defend itself.
You skewer the phantom like a kebab!!!
You destroy the phantom!
Okay, then.
A two-headed ogre comes into view. It is wielding two giant spiked clubs.
One of your 15 potions of blood rots away.
The helpless two-headed ogre fails to defend itself.
You bite the two-headed ogre, and draw its blood!
You feel slightly less thirsty.
You perforate the two-headed ogre like a sieve!!!
The two-headed ogre is severely wounded.
The two-headed ogre barely misses you. The two-headed ogre closely misses you.
You completely miss the two-headed ogre.
The two-headed ogre is severely wounded.
The two-headed ogre hits you with a giant spiked club!
The two-headed ogre hits you with a giant spiked club!!
You closely miss the two-headed ogre.
The two-headed ogre is severely wounded.
The two-headed ogre hits you with a giant spiked club!!
You die...

#### ...# #####* *******
...######### #...,#****,,,,,,
.[.#.......# ###.##.#,,,,,,,,,,
...........#####....#.#,,,,,,,,,,
#+#........#....@O....#,,,,,**,,,
#.#.......##.######.###,,,,,**,,,
ยง.#.......##.## #.# *,,,,,**,,,
..#...........## #.# *,**,***,,,
..#............# #.#**,*,,* *,,,
#.#............# #..,,,*,****,,,
#.#######......# #..,,,*,,,**,,,
#.# #......# #..,,,**,,,,,,,
#.#######......#**#...,,**,,,,,,,


You could see a two-headed ogre.

Vanquished Creatures
  Eustachio (D:4)
  Menkaure (D:4)
  A black bear (D:6)
  A hornet zombie (D:7)
  A sky beast (D:5)
  2 phantoms
  4 ogres
  3 bullfrogs (D:6)
  A big kobold (D:7)
  2 scorpions
  4 crimson imps
  2 jellies
  2 hounds
  A gnoll shaman (D:7)
  3 orc priests
  An orc wizard (D:6)
  Ijyb (D:3)
  4 worker ants (D:4)
  A hound zombie (D:7)
  2 hound skeletons
  A howler monkey zombie (D:5)
  6 gnolls
  9 adders
  A howler monkey skeleton (D:7)
  An adder zombie (D:6)
  4 worms
  3 dart slugs (D:1)
  4 leopard geckos
  13 orcs
  12 bats
  3 giant cockroaches
  2 goblins
  3 hobgoblins
  9 jackals (D:5)
  10 kobolds
  3 quokkas
  9 frilled lizards
  A leopard gecko zombie (D:5)
  2 quokka skeletons
  8 rats
142 creatures vanquished.

Vanquished Creatures (collateral kills)
  An orc warrior (D:7)
  An orc (D:7)
2 creatures vanquished.

Grand Total: 144 creatures vanquished

Notes
Turn   | Place    | Note
-------+----------+-------------------------------------------
     0 | D:1      | Duskembrace the Vampire Enchanter began the quest for the Orb.
     0 | D:1      | Reached XP level 1. HP: 13/13 MP: 3/3
   296 | D:1      | Reached XP level 2. HP: 12/19 MP: 3/5
   300 | D:1      | Learned a level 2 spell: Ensorcelled Hibernation
   896 | D:1      | Reached XP level 3. HP: 20/24 MP: 5/7
   901 | D:1      | Learned a level 3 spell: Confuse
  1545 | D:2      | Found a hazy altar of Hepliaklqana.
  1778 | D:2      | Reached XP level 4. HP: 27/30 MP: 5/8
  1818 | D:2      | Learned a level 3 spell: Tukima's Dance
  1838 | D:2      | Reached skill level 5 in Hexes
  1838 | D:2      | Reached skill level 1 in Ice Magic
  2620 | D:3      | Reached skill level 5 in Stealth
  2720 | D:3      | Noticed Ijyb
  2752 | D:3      | Killed Ijyb
  2752 | D:3      | Reached XP level 5. HP: 22/35 MP: 4/9
  2914 | D:3      | Found a faded altar of an unknown god.
  3112 | D:4      | Reached skill level 6 in Hexes
  3352 | D:4      | Noticed Menkaure
  3369 | D:4      | Killed Menkaure
  3369 | D:4      | Reached skill level 7 in Hexes
  3369 | D:4      | Reached XP level 6. HP: 41/41 MP: 8/10
  3592 | D:4      | Noticed Eustachio
  3610 | D:4      | Reached skill level 8 in Hexes
  3653 | D:4      | Killed Eustachio
  3653 | D:4      | Reached XP level 7. HP: 46/46 MP: 5/11
  3770 | D:5      | Entered Level 5 of the Dungeon
  3883 | D:5      | Reached skill level 9 in Hexes
  3972 | D:5      | Learned a level 3 spell: Dazzling Spray
  4215 | D:5      | Reached skill level 10 in Hexes
  4394 | D:5      | Reached XP level 8. HP: 39/52 MP: 12/12
  4751 | D:6      | Reached skill level 11 in Hexes
  5091 | D:6      | Found Cifirof's Antique Armour Boutique.
  5805 | D:7      | Reached skill level 12 in Hexes
  5884 | D:7      | Reached XP level 9. HP: 57/57 MP: 15/15
  5993 | D:7      | Found a staircase to the Ecumenical Temple.
  6009 | Temple   | Entered the Ecumenical Temple
  6120 | Temple   | Became a worshipper of Ashenzari the Shackled
  6363 | D:7      | Found a white marble altar of Elyvilon.
  6604 | D:8      | Noticed a two-headed ogre
  6612 | D:8      | Mangled by a two-headed ogre

Vault maps used:
D:1:      dpeg_arrival_more_subterranean_lakeside_camping
D:2:      nicolae_overflow_crystal_walls
D:3:      chequers_ecumenical_altar_island, uniq_ijyb
D:4:      serial_bayou_pond_a, minivault_14, uniq_menkaure, uniq_eustachio
D:5:      first_bread, hangedman_decor_riveting
D:6:      serial_shops, nicolae_shop_competitors_out_of_business
D:7:      basic_altar, grunt_ogre_cave, minmay_misc_feat_cross
D:8:      corexii_shantytown
Temple:   kilobyte_greek_temple

Skill      XL: |  1  2  3  4  5  6  7  8  9 |
---------------+----------------------------+-----
Short Blades   | 2 3 4 |  4.0
Spellcasting   | 3 4 |  4.3
Hexes          | 5 7 8 10 12 | 12.5
Ice Magic      | 1 |  1.0
Stealth        | 5 6 7 8 9 |  9.9
Dodging        | 3 4 |  4.1

Action                   |  1- 3 |  4- 6 |  7- 9 || total
-------------------------+-------+-------+-------++-------
Melee: Dagger            |   121 |    29 |       ||   150
       Bite              |     9 |     5 |     9 ||    23
       Short sword       |       |    72 |   162 ||   234
 Cast: Corona            |    10 |     2 |       ||    12
       Ensorcelled Hiber |     9 |    12 |    36 ||    57
       Confuse           |       |     6 |     5 ||    11
       Dazzling Spray    |       |       |     3 ||     3
       Tukima's Dance    |       |       |     1 ||     1
Invok: Curse Item        |       |       |     2 ||     2
  Use: Potion            |       |     2 |     3 ||     5
       Scroll            |       |     2 |     9 ||    11
 Stab: Sleeping          |    14 |    20 |    49 ||    83
       Confused          |       |     1 |     4 ||     5
       Distracted        |       |       |     1 ||     1
Armor: Robe              |    29 |    15 |    32 ||    76
Dodge: Dodged            |    82 |    58 |    85 ||   225

Table legend:
 A = Spawn XP
 B = Non-spawn XP
 C = Spawn XP percentage of total XP
 D = Spawn monster count
 E = Non-spawn monster count
 F = Spawn count percentage of total count
 G = Total turns spent on level
                    A         B        C        D         E        F      G
               +---------+---------+-------+---------+---------+-------+---------
         Total |     542 |    2762 |  16.4 |      19 |     125 |  13.2 |  6612
               +---------+---------+-------+---------+---------+-------+---------
           D:1 |      20 |      37 |  35.1 |       5 |      20 |  20.0 |  1429
           D:2 |      30 |      65 |  31.6 |       4 |      20 |  16.7 |  1147
           D:3 |       2 |      58 |   3.3 |       1 |       6 |  14.3 |   505
           D:4 |      51 |     582 |   8.1 |       2 |      15 |  11.8 |   689
           D:5 |     252 |     612 |  29.2 |       4 |      24 |  14.3 |   881
           D:6 |     142 |     513 |  21.7 |       2 |      17 |  10.5 |   644
           D:7 |      45 |     775 |   5.5 |       1 |      22 |   4.3 |  1063
           D:8 |       0 |     120 |   0.0 |       0 |       1 |   0.0 |   110
               +---------+---------+-------+---------+---------+-------+---------
